 Dungeon Crawl Stone Soup version 0.15.0-12-gccce430 (webtiles) character file.

494 Christof the Ruffian (level 6, 0/61 HPs)
             Began as a Troll Fighter on Aug 31, 2014.
             Slain by a gnoll
             ... wielding a +0 spear
              (8 damage)
             ... on Level 4 of the Dungeon.
             The game lasted 00:15:06 (2711 turns).

Christof the Ruffian (Troll Fighter)                Turns: 2711, Time: 00:15:07

HP   0/61        AC  5     Str 25      XL: 6   Next: 92%
MP   3/3         EV  9     Int  6      God:
Gold 207         SH  9     Dex  9      Spells:  0 memorised,  5 levels left

rFire  . . .     SeeInvis .       - Unarmed
rCold  . . .     Clarity  .     q - +0 robe
rNeg   . . .     rCorr    .     c - +0 shield
rPois  .         rRot     .     (helmet restricted)
rElec  .         Spirit   .     (no cloak)
SustAb .         Warding  .     (gloves unavailable)
rMut   .         Stasis   +     (boots unavailable)
Gourm  +                        s - amulet of stasis
MR     .....                    (no ring)
                                (no ring)

@: not resistant to hostile enchantments, very unstealthy
A: unfitting armour, claws 3, fast metabolism 3, gourmand, regeneration 2,
saprovore 2, shaggy fur 1, tough skin 2
a: no special abilities


You were on level 4 of the Dungeon.
You were hungry.

You visited 1 branch of the dungeon, and saw 4 of its levels.

You collected 207 gold pieces.

Inventory:

Armour
 b - a +0 robe
 c - a +0 shield (worn)
 e - a +0 robe
 q - a +0 robe (worn)
Magical devices
 p - a wand of flame (10)
 u - a wand of disintegration (10) {unknown}
 y - a wand of polymorph (0) {unknown}
 F - a wand of enslavement (11) {unknown}
Comestibles
 a - 2 meat rations
 i - a bread ration
 x - a rotting chunk of orc flesh
 z - 6 rotting chunks of orc flesh
 A - a chunk of rat flesh
 B - a rotting chunk of adder flesh
 C - 2 rotting chunks of jackal flesh
 E - 2 chunks of elf flesh
 G - 3 chunks of elf flesh
 I - 4 chunks of orc flesh
 J - 2 chunks of goblin flesh
Scrolls
 d - 2 scrolls of identify
 f - a scroll of recharging {unknown}
 g - a scroll of remove curse {unknown}
 k - a scroll of blinking {unknown}
 o - 2 scrolls of teleportation {unknown}
 t - a scroll of enchant armour {unknown}
Jewellery
 r - an uncursed amulet of rage
 s - an amulet of stasis (around neck)
Potions
 h - 2 potions of curing
 j - a potion of lignification {unknown}
 l - a potion of confusion {unknown}
 m - 2 potions of invisibility {unknown}
 n - 2 potions of cure mutation {unknown}
 v - a potion of restore abilities {unknown}
 w - a potion of brilliance {unknown}
 D - a potion of heal wounds
 H - a potion of agility {unknown}


   Skills:
 + Level 3.5 Fighting
 + Level 3.9 Dodging
 + Level 3.3 Shields
 * Level 5.0 Unarmed Combat


You had 5 spell levels left.
You didn't know any spells.

Dungeon Overview and Level Annotations

Branches:
Dungeon (4/15)
 Temple: D:4-7

Altars:
Vehumet

Shops:
D:4 ?


Innate Abilities, Weirdness & Mutations

You are too large for most types of armour.
You have claws for hands.
Your metabolism is lightning-fast.
You like to eat raw meat.
You heal very quickly.
You can eat rotten meat.
You are covered in fur (AC +1).
You have very tough skin (AC +2).


Message History

The gnoll hits you with a halberd!
Something in your inventory has become rotten. (slots B and C)
You see here a goblin corpse.
You barely miss the gnoll.
The gnoll is moderately wounded.
The gnoll barely misses you. You block the gnoll's attack.
You scratch the gnoll.
The gnoll begins to bleed from its wounds!
The gnoll is heavily wounded.
The gnoll barely misses you.
You scratch the gnoll.
The gnoll is severely wounded.
The gnoll hits you with a halberd!
* * * LOW HITPOINT WARNING * * *
The gnoll hits you from afar with a spear.
* * * LOW HITPOINT WARNING * * *
You scratch the gnoll.
The gnoll is almost dead.
The gnoll hits you from afar with a spear!
You die...

### ##.#######
##..?.....######
##.....###.##...#
##..........)..#.# ##
..........#.##...# #.
#.###..(..##.###.####.
#.'∩'........# #......
#####@..###### #####..
#..g...?# #..
#..g....# #### #.#
#..#.##.# #.....##.#
#..#.# .# #.....##.#
#....# .# #.....##..
#..... # #.....####
##..## #.....# #.
#...b.#


You could see 2 gnolls.

Vanquished Creatures
  An orc warrior (D:4)
  Duvessa (D:4)
  A giant frog (D:4)
  Dowan (D:4)
  An orc wizard (D:4)
  Ijyb (D:4)
  Terence (D:2)
  A gnoll (D:4)
  2 adders
  A giant mite (D:2)
  6 worms
  6 giant geckos
  6 orcs
  4 ball pythons (D:2)
  2 giant cockroaches
  11 goblins
  9 hobgoblins
  7 jackals
  13 kobolds
  2 oozes (D:1)
  A quokka (D:2)
  2 bats
  4 giant newts
  8 rats
92 creatures vanquished.

Notes
Turn   | Place    | Note
--------------------------------------------------------------
     0 | D:1      | Christof, the Troll Fighter, began the quest for the Orb.
     0 | D:1      | Reached XP level 1. HP: 22/22 MP: 1/1
    68 | D:1      | Reached XP level 2. HP: 18/29 MP: 1/1
   302 | D:1      | Reached XP level 3. HP: 32/36 MP: 2/2
   657 | D:2      | Reached skill level 3 in Fighting
   737 | D:2      | Reached XP level 4. HP: 45/45 MP: 2/2
   755 | D:2      | Found a radiant altar of Vehumet.
   942 | D:2      | Noticed Terence
   949 | D:2      | Killed Terence
  2210 | D:4      | Reached XP level 5. HP: 53/53 MP: 2/2
  2260 | D:4      | Noticed an orc warrior
  2278 | D:4      | Killed an orc warrior
  2459 | D:4      | Noticed a giant frog
  2477 | D:4      | Killed a giant frog
  2477 | D:4      | Reached skill level 4 in Unarmed Combat
  2477 | D:4      | Reached XP level 6. HP: 58/61 MP: 3/3
  2535 | D:4      | Noticed Ijyb
  2543 | D:4      | Killed Ijyb
  2548 | D:4      | Noticed Duvessa
  2568 | D:4      | Killed Duvessa
  2570 | D:4      | Noticed Dowan
  2605 | D:4      | Killed Dowan
  2688 | D:4      | Found Sacifouh's Magic Scroll Boutique.
  2706 | D:4      | Reached skill level 5 in Unarmed Combat
  2711 | D:4      | Slain by a gnoll

Action                   |  1- 3 |  4- 6 || total
-------------------------+-------+-------++-------
Melee: Unarmed           |   111 |   209 ||   320
  Use: Scroll            |       |     1 ||     1
       Potion            |       |     1 ||     1
  Eat: Chunk             |     4 |    12 ||    16
       Bread ration      |       |     1 ||     1
       Beef jerky        |       |     1 ||     1
